 Dungeon Crawl Stone Soup version 0.31-a0-152-g6aa68a64a1 (webtiles) character file.

Game seed: 17309668472761086281

138 qw the Chopper (level 5, -3/32 HPs)
             Began as a Gargoyle Fighter on June 10, 2023.
             Killed from afar by Sigmund (6 damage)
             ... with a magic dart
             ... on level 4 of the Dungeon.
             The game lasted 00:01:37 (3214 turns).

qw the Chopper (Gargoyle Fighter)                   Turns: 3214, Time: 00:01:37

Health: -3/32      AC: 18    Str: 21    XL:     5   Next: 21%
Magic:  5/5        EV: 10    Int:  9    God:
Gold:   86         SH:  4    Dex:  9    Spells: 4/4 levels left

rFire   + . .        Y - +0 war axe
rCold   . . .        c - +0 buckler
rNeg    + . .        l - +1 plate armour
rPois   inf          (no helmet)
rElec   +            j - +0 cloak
rCorr   .            n - +0 pair of gloves
SInv    .            (no boots)
Will    .....        (no amulet) Stlth
                     g - +5 ring of evasion
HPRegen 0.25/turn    i - ring of protection from fire
MPRegen 0.09/turn

%: no passive effects
@: no status effects
A: sickness immunity, AC +4, negative energy resistance 1, electricity
resistance, torment resistance 1, petrification resistance
a: no special abilities


You were on level 4 of the Dungeon.
You visited 1 branch of the dungeon, and saw 4 of its levels.

You collected 86 gold pieces.


Innate Abilities, Weirdness & Mutations

You are immune to sickness and miasma.
Your stone body is resilient. (AC +4)
You are immune to poison.
You resist negative energy. (rN+)
You are resistant to electric shocks. (rElec)
You are resistant to unholy torment.
You are immune to petrification.


   Skills:
 - Level 3.2 Fighting
 + Level 4.8 Axes
 - Level 3.2 Armour
 - Level 3.2 Shields


You had 4 spell levels left.
You didn't know any spells.
Your spell library was empty.

Inventory:

Hand Weapons
 h - a +0 morningstar
 Y - a +0 war axe (weapon)
Armour
 c - a +0 buckler (worn)
 j - a +0 cloak (worn)
 l - a +1 plate armour (worn)
 n - a +0 pair of gloves (worn)
Jewellery
 g - a +5 ring of evasion (left hand)
 i - a ring of protection from fire (right hand)
Scrolls
 k - a scroll of magic mapping {unknown}
 o - a scroll of teleportation
Potions
 a - a potion of attraction
 b - a potion of curing
 d - 4 potions of might
 e - a potion of enlightenment {unknown}
 f - a potion of ambrosia {unknown}
 m - a potion of heal wounds

Dungeon Overview and Level Annotations

Branches:
Dungeon (4/15)
 Temple: D:4-7

Altars:

Annotations:
D:3 1 runed translucent door, Crazy Yiuf
D:4 Sigmund


Message History

Deactivating autopickup; reactivate with Ctrl-A.
You swing at nothing.
Something tries to affect you, but you resist.
You swing at nothing.
You swing at nothing.
You swing at nothing.
A magic dart appears from out of thin air!
The magic dart hits you.
You swing at nothing.
You swing at nothing.
Something hits you but does no damage.
You swing at nothing.
Something hits you but does no damage.
You swing at nothing.
Something completely misses you.
You swing at nothing.
You hear some strange, mumbled words.
You are confused.
Something hits you but does no damage.
You closely miss something. Something hits you.
You completely miss something. Something hits you!
You bump into the rock wall.
You hear some strange, mumbled words.
Something tries to affect you, but you resist.
You bump into the rock wall.
Something hits you!
You miss something.
You feel less confused.
You hear some strange, mumbled words.
A magic dart appears from out of thin air!
The magic dart hits you.
You closely miss something. Something hits you.
You miss something.
You hear some strange, mumbled words.
A magic dart appears from out of thin air!
The magic dart hits you.
You die...

####)#######.###
...)...............#
...#####).)#.####... ...#
#........#..# ...##
#.#.#.##.#..# ....#
#.#...##.#..# ....#
##.....##<#..# ....#
#........##{.# ....#
#......>..@..#####. ....#
#...)....##........
....###........##.#######
#..............##.#
#.####............# #.#
#.........#### #.#
#.......).#
#.####.##.######
#.........#


There were no monsters in sight!

Vanquished Creatures
  3 adders
  2 worms (D:3)
  A dart slug (D:1)
  17 orcs
  7 bats
  4 endoplasms
  5 giant cockroaches
  5 hobgoblins
  A jackal (D:2)
  8 kobolds
  A quokka (D:3)
  3 ball pythons
  8 frilled lizards
  9 goblins
  9 rats
83 creatures vanquished.

Notes
Turn   | Place    | Note
-------+----------+-------------------------------------------
     0 | D:1      | qw the Gargoyle Fighter began the quest for the Orb.
     0 | D:1      | Reached XP level 1. HP: 14/14 MP: 1/1
     0 | D:1      | 0 ||| qw: Version: 0.2-a-123-gb51047a
     0 | D:1      | 0 ||| qw: Game counter: 3730
     0 | D:1      | 0 ||| qw: Always use a shield: true
     0 | D:1      | 0 ||| qw: God list: Okawaru
     0 | D:1      | 0 ||| qw: Allow faded altars: false
     0 | D:1      | 0 ||| qw: Do Orc after D:15 true
     0 | D:1      | 0 ||| qw: Do second Lair branch before Depths: true
     0 | D:1      | 0 ||| qw: Lair rune preference: random
     0 | D:1      | 0 ||| qw: Plans: Normal, Zot:1-4, Slime:5, God:TSO, Crypt,
                  | Tomb, Abyss, Pan, Hells, Win
     0 | D:1      | 0 ||| PLANNING D:1-11
    20 | D:1      | 20 ||| Stepping ~*~*~tactically~*~*~ (hiding).
    21 | D:1      | 21 ||| Stepping ~*~*~tactically~*~*~ (hiding).
    32 | D:1      | Reached skill level 2 in Axes
    95 | D:1      | 95 ||| Stepping ~*~*~tactically~*~*~ (stealth).
    97 | D:1      | 97 ||| Stepping ~*~*~tactically~*~*~ (stealth).
    99 | D:1      | 99 ||| Stepping ~*~*~tactically~*~*~ (stealth).
   104 | D:1      | Reached XP level 2. HP: 19/19 MP: 2/2
   378 | D:1      | Reached skill level 3 in Axes
   434 | D:1      | Reached XP level 3. HP: 23/23 MP: 3/3
   759 | D:1      | 759 ||| UPGRADING to +0 plate armour.
   769 | D:1      | 769 ||| DROPPING +0 scale mail.
   770 | D:1      | 770 ||| UPGRADING to +5 ring of evasion.
   771 | D:1      | 771 ||| UPGRADING to ring of protection from fire.
   772 | D:1      | 772 ||| READING 2 scrolls labelled GINEKKIT YSIK.
   773 | D:1      | 773 ||| READING scroll of enchant armour.
   773 | D:1      | 773 ||| ENCHANTING +0 plate armour.
   774 | D:1      | 774 ||| READING scroll labelled ZEEG ADAQUSTUP.
   775 | D:1      | 775 ||| READING scroll labelled RODAPH XOSEEKK.
   778 | D:1      | 778 ||| READING scroll labelled TUUPTU NANKIO.
  1009 | D:2      | 1009 ||| Stepping ~*~*~tactically~*~*~ (stealth).
  1191 | D:2      | 1191 ||| Stepping ~*~*~tactically~*~*~ (hiding).
  1316 | D:2      | Reached XP level 4. HP: 24/28 MP: 4/4
  1451 | D:2      | 1451 ||| Stepping ~*~*~tactically~*~*~ (hiding).
  1452 | D:2      | 1452 ||| Stepping ~*~*~tactically~*~*~ (hiding).
  1457 | D:2      | Reached skill level 4 in Axes
  1779 | D:2      | 1779 ||| READING scroll labelled IMPIQUNAHI.
  1780 | D:2      | 1780 ||| DRINKING 2 clear potions.
  1781 | D:2      | 1781 ||| DRINKING 2 brown potions.
  1793 | D:3      | 1793 ||| STAIRDANCE
  1853 | D:2      | 1853 ||| DROPPING +0 club.
  1953 | D:3      | 1953 ||| Stepping ~*~*~tactically~*~*~ (stealth).
  2409 | D:3      | Reached XP level 5. HP: 32/32 MP: 5/5
  2453 | D:3      | 2453 ||| Stepping ~*~*~tactically~*~*~ (stealth).
  2684 | D:3      | Found a runed translucent door.
  2685 | D:3      | Noticed Crazy Yiuf
  3054 | D:3      | 3054 ||| UPGRADING to +0 cloak.
  3059 | D:3      | 3059 ||| UPGRADING to +0 pair of gloves.
  3064 | D:3      | 3064 ||| READING 2 scrolls labelled PEPHAN ARIAH.
  3065 | D:3      | 3065 ||| DRINKING 2 murky golden potions.
  3066 | D:3      | 3066 ||| DROPPING scroll of poison.
  3120 | D:4      | 3120 ||| Stepping ~*~*~tactically~*~*~ (stealth).
  3147 | D:4      | 3147 ||| Stepping ~*~*~tactically~*~*~ (stealth).
  3149 | D:4      | 3149 ||| Stepping ~*~*~tactically~*~*~ (stealth).
  3195 | D:4      | Noticed Sigmund
  3212 | D:4      | HP: 4/32 [something/magic dart (5)]
  3214 | D:4      | Killed from afar by Sigmund

Levels and vault maps discovered:
D:1:      sevenhm_arrival_forest_fort_large_4, layout_basic, minmay_cupped
D:2:      layout_loops_ring, minmay_bisected
D:3:      minmay_evil_eye, layout_loops_corners, nrook_mini_vaults,
          uniq_crazy_yiuf_cottage
D:4:      layout_basic, uniq_natasha, uniq_sigmund

Skill      XL: |  1  2  3  4 |
---------------+-------------+-----
Axes           | 2 3 4 |  4.8
Fighting       | |  3.2
Armour         | |  3.2
Shields        | |  3.2

Action                     |  1- 3 |  4- 6 || total
---------------------------+-------+-------++-------
  Melee: War axe           |   149 |   127 ||   276
    Use: Scroll            |     5 |     2 ||     7
         Potion            |       |     3 ||     3
 Armour: Scale mail        |    40 |       ||    40
         Plate armour      |    24 |    60 ||    84
  Dodge: Dodged            |    82 |    47 ||   129
  Block: Buckler           |    32 |    23 ||    55

Table legend:
 A = Non-vault XP
 B = Vault XP
 C = Vault XP percentage of total XP
 D = Non-vault monster count
 E = Vault monster count
 F = Vault count percentage of total count
                 A         B        C        D         E       F
            +---------+---------+-------+---------+---------+-------
      Total |     178 |      20 |  10.1 |      72 |      11 |  13.3
            +---------+---------+-------+---------+---------+-------
        D:1 |      37 |       6 |  14.0 |      21 |       4 |  16.0
        D:2 |      58 |       5 |   7.9 |      22 |       3 |  12.0
        D:3 |      68 |       9 |  11.7 |      23 |       4 |  14.8
        D:4 |      15 |       0 |   0.0 |       6 |       0 |   0.0
            +---------+---------+-------+---------+---------+-------
